 Dungeon Crawl Stone Soup version 0.26.0-10-g1f06aea511 (webtiles) character file.

Game seed: 8976092917785303033

7742 inc the Nimble (level 11, 0/55 HPs)
             Began as a Felid Ice Elementalist on Feb 3, 2021.
             Was a Plaything of Xom.
             Slain by a wolf spider (20 damage)
             ... on level 2 of the Lair of Beasts.
             The game lasted 00:47:09 (16457 turns).

inc the Nimble (Felid Ice Elementalist)            Turns: 16457, Time: 00:47:10

Health: 0/55       AC: 15    Str:  8    XL:     11   Next: 0%
Magic:  0/19       EV: 28    Int: 26    God:    Xom [.....*]
Gold:   910        SH:  4    Dex: 19    Spells: 9/20 levels left
                                        Lives:  0   Deaths: 2

rFire    x . .     SeeInvis +   (weapon unavailable)
rCold    + + .     Faith    .   (shield unavailable)
rNeg     . . .     Spirit   .   (armour unavailable)
rPois    +         Reflect  .   (helmet unavailable)
rElec    .         Harm     .   (cloak unavailable)
rCorr    .         Rampage  .   (gloves unavailable)
Will     +....     Rnd*Tele +   (boots unavailable)
Stlth    ++++......             i - amulet of regeneration
HPRegen  0.58/turn              D - +6 ring of intelligence (curse)
MPRegen  0.16/turn              C - ring of ice

@: icy armour, frozen ramparts, quick
A: very small, no armour, no weapons or thrown items, stealth, antennae 2, claws
1, fangs 3, large bone plates 1, thin metallic scales 1, camouflage 1, see
invisible, agile 1, speed 1, poison resistance, shaggy fur 3, strong 2,
teleportitis 1, MP-powered wands, sharp paws
a: Renounce Religion


You were on level 2 of the Lair of Beasts.
You worshipped Xom.
You were Xom's teddy bear.
You visited 3 branches of the dungeon, and saw 14 of its levels.
You also visited: Gauntlet.

You collected 910 gold pieces.

Inventory:

Jewellery
 a - an uncursed ring of protection from fire
 b - an uncursed ring of poison resistance
 i - an amulet of regeneration (around neck)
 u - a +4 ring of evasion
 C - a ring of ice (right paw)
 D - a cursed +6 ring of intelligence (left paw)
Wands
 k - a wand of acid (4)
 m - a wand of iceblast (11)
 r - a wand of polymorph (8)
 s - a wand of digging (4)
 z - a wand of enslavement (10)
 A - a wand of disintegration (26)
 H - a wand of paralysis (18)
Scrolls
 f - 4 scrolls of fog
 l - a scroll of random uselessness {unknown}
 n - 3 scrolls of enchant weapon
 o - 6 scrolls of remove curse
 t - 3 scrolls of fear
 v - 5 scrolls of teleportation
 w - a scroll of summoning {unknown}
 y - 3 scrolls of silence {unknown}
 B - a scroll of amnesia {unknown}
 E - a scroll of immolation
 I - a scroll of torment {unknown}
 J - a scroll of identify
 K - a scroll of magic mapping
Potions
 c - 2 potions of magic
 d - a potion of lignification
 e - 6 potions of brilliance
 g - 3 potions of mutation
 h - 4 potions of resistance
 j - 3 potions of curing
 p - a potion of flight
 q - 3 potions of ambrosia
 F - 2 potions of degeneration
 G - a potion of attraction {unknown}
 L - a potion of haste {unknown}
Miscellaneous
 x - a condenser vane


   Skills:
 - Level 10.3 Fighting
 - Level 10.7 Dodging
 - Level 2.6 Stealth
 + Level 5.2 Spellcasting
 - Level 8.9 Conjurations
 - Level 9.5 Ice Magic


You had 9 spell levels left.
You knew the following spells:

 Your Spells              Type           Power        Failure   Level
a - Ozocubu's Armour      Ice            71%          1%          3
b - Frozen Ramparts       Ice            100%         1%          3
c - Hailstorm             Conj/Ice       70%          1%          4
d - Freeze                Ice            100%         1%          1

Your spell library contained the following spells:

 Spells                   Type           Power        Failure   Level
 Magic Dart               Conj           100%         1%          1
 Conjure Flame            Conj/Fire      30%          3%          3
 Mephitic Cloud           Conj/Pois/Air  22%          7%          3
 Summon Ice Beast         Ice/Summ       47%          11%         4
 Blink                    Tloc           N/A          12%         2
 Call Imp                 Summ           6%           12%         2
 Slow                     Hex            6%           12%         2
 Sublimation of Blood     Necr           3%           12%         2
 Gell's Gravitas          Tloc           3%           22%         3
 Lesser Beckoning         Tloc           3%           22%         3
 Borgnjor's Vile Clutch   Necr/Erth      3%           91%         5


Dungeon Overview and Level Annotations

Branches:
Dungeon (11/15)            Temple (1/1) D:7            Lair (2/6) D:8
 Spider (0/4) Lair:2      Gauntlet (visited)
  Swamp: Lair:2-4    Shoals: Lair:2-4       Orc: D:9-12

Altars:
Ashenzari
Cheibriados
Dithmenos
Elyvilon
Fedhas
Gozag
Hepliaklqana
Kikubaaqudgha
Makhleb
Nemelex Xobeh
Okawaru
Qazlal
Ru
Sif Muna
Trog
Uskayaw
Vehumet
Wu Jian
Xom
Yredelemnul
Zin
The Shining One

Shops:
D:4 [   D:10 (   D:11 [

Portals:
Trove: D:10 (give 6 scrolls of fog)

Annotations:
D:3 Grinder
D:5 1 runed translucent door, IHuginn's ghost, novice OpFi
D:8 exclusion: ice statue
Lair:2 1 runed translucent door, Kotami's ghost, journeyman OpFi


Innate Abilities, Weirdness & Mutations

You cannot wear armour.
You are incapable of wielding weapons or throwing items.
Your paws allow you to move quietly. (Stealth)
You have sharp claws.
You have razor-sharp teeth.
You have supernaturally acute eyesight. (SInv)
You cover ground quickly.
Your thick and shaggy fur keeps you warm. (AC +3, rC+)
Your sharp claws are effective at attacking unaware monsters.
You have a pair of antennae on your head.
You are partially covered in large bone plates. (SH +4)
You are partially covered in thin metallic scales. (AC +2)
Your skin changes colour to match your surroundings (Stealth+).
You are agile. (Dex +2)
Your system is resistant to poisons. (rPois)
Your muscles are very strong. (Str +4)
You are occasionally teleported next to monsters.
You expend magic power (3 MP) to strengthen your wands.


Message History

Press: ? - help, Shift-Dir - straight line, f - wolf spider
Aim: a wolf spider (heavily wounded)
Okay, then.
Casting: Freeze (safe; 1% risk of failure)
Confirm with . or Enter, or press ? or * to list all spells.
You feel a surge of power! A film of ice covers your body!
The wall freezes the wolf spider.
The wolf spider completely misses you. The wolf spider bites you!
The wall freezes the wolf spider.
The wolf spider barely misses you. The wolf spider completely misses you.
Casting: Ozocubu's Armour (safe; 1% risk of failure)
Confirm with . or Enter, or press ? or * to list all spells.
You don't have enough magic to cast that spell.
You barely miss the wolf spider.
The wolf spider is heavily wounded.
The wall freezes the wolf spider.
The wolf spider closely misses you. The wolf spider bites you.
You scratch the wolf spider but do no damage.
The wolf spider is severely wounded.
The wall freezes the wolf spider.
The wolf spider hits you!!
You die...

...++...###....###..##{ {#......
...##... #......#####..>{##......
(..#.... ##....## ..... #....#$.
##.##....##....## #..^^^##....#..
#..##....#......##.^^.^##........
........######.##^^...##......#..
........# ##.....^^^###...P#.#...
........###..#..s.###............
................@##..............
.................#...............
.................................
........................##..##...
...........##...##.....#......P..
####P##....###..##........<...P..
#######....#.....P...............
.....##...#......................
...........#.....#...............


You could see a wolf spider.

Vanquished Creatures
  A hydra (Lair:2)
  2 two-headed ogres
  Urug (D:11)
  A fire crab (Gauntlet)
  A wolf spider (Lair:2)
  A deep elf mage (D:9)
  3 cane toads
  A gargoyle (Gauntlet)
  3 rime drakes
  2 guardian mummies (D:10)
  2 trolls
  A jumping spider (Lair:2)
  5 wyverns
  3 yaks (D:8)
  A redback (Lair:2)
  A spriggan (D:7)
  5 fire bats (Gauntlet)
  A basilisk (D:8)
  A basilisk (shapeshifter) (D:7)
  A steam dragon (D:11)
  An acid dragon (D:10)
  A soldier ant (D:11)
  4 water moccasins
  3 hell hounds (Gauntlet)
  3 orc warriors
  An eye of draining (Lair:1)
  An ice beast (D:9)
  A sky beast (D:9)
  2 black bears
  3 ogres
  A necrophage (D:8)
  2 centaurs
  2 big kobolds (D:8)
  2 lemures (D:7)
  10 bullfrogs
  A gnoll sergeant (D:8)
  3 scorpions
  A jelly (D:11)
  3 wights (D:10)
  3 howler monkeys (D:10)
  A centaur zombie (D:9)
  A bullfrog zombie (D:11)
  6 hounds
  4 orc priests
  A bullfrog skeleton (D:5)
  8 orc wizards
  A centaur skeleton (D:9)
  3 iguanas
  7 worker ants
  A worker ant zombie (D:8)
  15 adders
  7 gnolls
  A howler monkey skeleton (D:7)
  3 shadow imps
  A white imp (D:8)
  An ufetubus (D:4)
  An ooze (D:1)
  2 adder skeletons
  6 worms
  A dart slug (D:1)
  5 leopard geckos
  40 orcs
  8 bats
  5 giant cockroaches
  6 goblins
  6 hobgoblins
  12 jackals
  15 kobolds
  4 quokkas
  A ball python (D:3)
  3 frilled lizards
  A jackal skeleton (D:7)
  3 leopard gecko skeletons
  A quokka zombie (D:9)
  6 rats
272 creatures vanquished.

Vanquished Creatures (collateral kills)
  Harold (D:7)
  A yak (D:8)
  An ice beast (D:9)
  A white imp (D:8)
  3 kobolds (D:8)
7 creatures vanquished.

Vanquished Creatures (others)
  A lemure (D:7)
  5 gnolls
  A shadow imp (D:7)
  A jackal (D:8)
  A kobold (D:8)
  2 bushes (D:8)
  11 fungi
  41 plants
63 creatures vanquished.

Grand Total: 342 creatures vanquished

Notes
Turn   | Place    | Note
-------+----------+-------------------------------------------
     0 | D:1      | inc the Felid Ice Elementalist began the quest for the Orb.
     0 | D:1      | Reached XP level 1. HP: 7/7 MP: 4/4
   199 | D:1      | Reached XP level 2. HP: 8/11 MP: 1/6
   968 | D:1      | Reached XP level 3. HP: 14/14 MP: 4/7
  1000 | D:1      | Learned a level 3 spell: Frozen Ramparts
  1769 | D:2      | Reached skill level 5 in Ice Magic
  1773 | D:2      | Reached XP level 4. HP: 5/18 MP: 0/8
  2035 | D:2      | Lost strength.
  2211 | D:2      | Found a shadowy altar of Dithmenos.
  3197 | D:3      | Reached XP level 5. HP: 20/21 MP: 5/9
  3270 | D:3      | Noticed Grinder
  3429 | D:3      | Paralysed by Grinder for 3 turns
  3652 | D:4      | Noticed an ogre
  3676 | D:4      | Killed an ogre
  3677 | D:4      | Gained mutation: You are covered in thick fur. (AC +2)
                  | [Felid growth]
  3677 | D:4      | Reached XP level 6. HP: 24/27 MP: 1/10
  3787 | D:4      | Learned a level 4 spell: Hailstorm
  3918 | D:4      | Reached skill level 1 in Conjurations
  4032 | D:4      | Reached XP level 7. HP: 32/32 MP: 5/11
  4191 | D:4      | Found Voip's Armour Emporium.
  4215 | D:4      | Found a shimmering altar of Xom.
  4221 | D:4      | Found a hazy altar of Hepliaklqana.
  4222 | D:4      | Noticed a spectral ugly thing
  4242 | D:4      | Became a worshipper of Xom of Enforced Whimsey
  4294 | D:4      | XOM: potion effect (magic)
  4390 | D:4      | Found a blossoming altar of Fedhas.
  4391 | D:4      | Found a bloodstained altar of Trog.
  4660 | D:5      | Entered Level 5 of the Dungeon
  4671 | D:5      | Found an opulent altar of Gozag.
  4852 | D:5      | XOM: silly message
  4927 | D:5      | XOM: scenery: create altars
  5009 | D:5      | Noticed IHuginn's ghost (novice OpFi)
  5012 | D:5      | Found a runed translucent door.
  5228 | D:5      | XOM: divination: magic mapping
  5229 | D:5      | XOM: confuse monster(s)
  5424 | D:5      | Found a glowing silver altar of Zin.
  5580 | D:5      | XOM: give mutations
  5580 | D:5      | Gained mutation: You can translocate small distances at
                  | will. [Xom's grace]
  5580 | D:5      | Gained mutation: Your flesh is heat resistant. (rF+) [Xom's
                  | grace]
  5604 | D:5      | XOM: fog
  5792 | D:5      | XOM: 1-stop teleportation journey
  5812 | D:5      | XOM: give mutations
  5812 | D:5      | Gained mutation: You expend magic power (3 MP) to
                  | strengthen your wands. [Xom's grace]
  5812 | D:5      | Gained mutation: You are agile. (Dex +2) [Xom's grace]
  5900 | D:5      | XOM: give mutations
  5900 | D:5      | Gained mutation: You are partially covered in yellow
                  | scales. (AC +2) [Xom's grace]
  5900 | D:5      | Gained mutation: Your skin changes colour to match your
                  | surroundings (Stealth+). [Xom's grace]
  5917 | D:5      | XOM: fog
  5929 | D:5      | Reached skill level 5 in Conjurations
  5955 | D:5      | Found a shimmering blue altar of Sif Muna.
  5982 | D:5      | XOM is BORED!
  5982 | D:5      | XOM: give mutations
  5982 | D:5      | Lost mutation: Your flesh is heat resistant. (rF+) [Xom's
                  | mischief]
  5982 | D:5      | Gained mutation: You are occasionally teleported next to
                  | monsters. [Xom's mischief]
  5982 | D:5      | Lost mutation: You can translocate small distances at will.
                  | [Xom's mischief]
  5982 | D:5      | Gained mutation: You are somewhat resistant to further
                  | mutation. [Xom's mischief]
  6058 | D:6      | Reached XP level 8. HP: 23/36 MP: 6/12
  6307 | D:6      | XOM: scenery: create altars
  6427 | D:6      | XOM: divination: detect items
  6561 | D:6      | XOM: give mutation
  6561 | D:6      | Gained mutation: You are partially covered in thin metallic
                  | scales. (AC +2) [Xom's grace]
  6571 | D:6      | XOM: scenery: create altars
  6632 | D:6      | XOM: god gift: runed leather armour {god gift}
  6859 | D:7      | Found a blossoming altar of Fedhas.
  6863 | D:7      | XOM: scenery: summon butterflies
  7039 | D:7      | XOM: 1-stop teleportation journey
  7100 | D:7      | Found an iron altar of Okawaru.
  7127 | D:7      | XOM: give mutations
  7127 | D:7      | Gained mutation: You are partially covered in large bone
                  | plates. (SH +4) [Xom's grace]
  7127 | D:7      | Gained mutation: You have a pair of small antennae on your
                  | head. [Xom's grace]
  7127 | D:7      | Gained mutation: You are very agile. (Dex +4) [Xom's grace]
  7127 | D:7      | Gained mutation: Your thick and shaggy fur keeps you warm.
                  | (AC +3, rC+) [Xom's grace]
  7227 | D:7      | XOM is BORED!
  7279 | D:7      | Noticed Pikel
  7293 | D:7      | XOM: enchant monster (good)
  7296 | D:7      | Noticed Pikel
  7296 | D:7      | Pikel changed into Pikel the shapeshifter
  7296 | D:7      | XOM: polymorph Pikel -> Pikel the shapeshifter
  7297 | D:7      | Noticed Pikel
  7297 | D:7      | Pikel the shapeshifter changed into Pikel the orb spider
  7424 | D:7      | Noticed Harold
  7427 | D:7      | XOM: enchant monster (good)
  7444 | D:7      | XOM: summons 3 friendly demons
  7445 | D:7      | Killed Harold
  7446 | D:7      | Reached XP level 9. HP: 28/39 MP: 0/13
  7454 | D:7      | Found a basalt altar of Yredelemnul.
  7456 | D:7      | Found an ancient bone altar of Kikubaaqudgha.
  7456 | D:7      | Found a broken altar of Ashenzari.
  7515 | D:7      | Noticed Pikel
  7516 | D:7      | XOM: destruction
  7517 | D:7      | Noticed Pikel
  7517 | D:7      | Pikel the unseen horror changed into Pikel the troll
  7522 | D:7      | XOM: scenery: 2 doors close
  7650 | D:7      | Noticed Pikel
  7707 | D:7      | XOM: confuse monster(s)
  7790 | D:7      | Found a staircase to the Ecumenical Temple.
  7795 | Temple   | Entered the Ecumenical Temple
  7914 | D:7      | XOM: god gift: 8 boomerangs
  8047 | D:7      | Noticed Pikel
  8055 | D:7      | Killed Pikel the basilisk
  8143 | D:7      | XOM: god gift: 12 stones
  8247 | D:8      | Found a staircase to the Lair.
  8254 | D:8      | XOM: destruction
  8337 | D:8      | XOM: give mutations
  8337 | D:8      | Gained mutation: Your muscles are strong. (Str +2) [Xom's
                  | grace]
  8337 | D:8      | Gained mutation: You have a pair of antennae on your head.
                  | [Xom's grace]
  8337 | D:8      | Gained mutation: Your muscles are very strong. (Str +4)
                  | [Xom's grace]
  8472 | D:8      | XOM: summons 4 friendly demons
  8476 | D:8      | XOM: summons friendly neqoxec
  8523 | D:8      | XOM: give mutation
  8523 | D:8      | Gained mutation: Your system is resistant to poisons.
                  | (rPois) [Xom's grace]
  8647 | D:8      | XOM: 2-stop teleportation journey
  8706 | D:8      | XOM: scenery: summon butterflies
  8831 | D:8      | Identified the Guide on Ghastly Dislocation
  8909 | D:8      | Noticed a two-headed ogre
  8910 | D:8      | XOM: cleaving
  8915 | D:8      | XOM: enchant monster (good)
  8916 | D:8      | XOM: cleaving
  8941 | D:8      | XOM: summons 3 friendly demons
  8946 | D:8      | Killed a two-headed ogre
  8947 | D:8      | Reached skill level 5 in Fighting
  8947 | D:8      | Reached XP level 10. HP: 45/45 MP: 1/14
  9025 | D:8      | XOM: cloud trail
  9197 | D:8      | XOM: cleaving
  9469 | D:8      | XOM: snakes to sticks
  9539 | D:8      | XOM: cloud trail
  9573 | D:8      | XOM: god gift: 23 bolts
  9707 | D:8      | XOM: destruction
  9803 | D:8      | Noticed an ice statue
  9956 | D:9      | XOM: give mutations
  9956 | D:9      | Gained mutation: You possess an exceptional clarity of
                  | mind. [Xom's grace]
  9956 | D:9      | Gained mutation: You are robust. (+10% HP) [Xom's grace]
 10098 | D:9      | XOM: 2-stop teleportation journey
 10116 | D:9      | Found a sparkling altar of Nemelex Xobeh.
 10142 | D:9      | XOM: silly message
 10146 | D:9      | XOM: enchant monster (good)
 10306 | D:9      | XOM: cast spell 'Summon Ice Beast'
 10317 | D:9      | XOM: silly message
 10422 | D:9      | XOM: 2-stop teleportation journey
 10432 | D:9      | XOM: summons friendly shadow imp
 10449 | D:9      | XOM: noise
 10833 | D:9      | Noticed a deep elf mage
 10837 | D:9      | Killed a deep elf mage
 10912 | D:9      | XOM: silly message
 10940 | D:10     | Entered Level 10 of the Dungeon
 10965 | D:10     | Noticed a two-headed ogre
 10965 | D:10     | XOM: chaos upgrade
 10974 | D:10     | XOM: noise
 10991 | D:10     | XOM: swap monsters
 10997 | D:10     | Killed a two-headed ogre
 11114 | D:10     | XOM: enchant monster (bad)
 11154 | D:10     | XOM: butterfly on damage
 11225 | D:10     | XOM: butterfly on damage
 11433 | D:10     | Learned a level 3 spell: Ozocubu's Armour
 11699 | D:10     | XOM: silly message
 11937 | D:10     | XOM: silly message
 12046 | D:10     | XOM: noise
 12047 | D:10     | Found Pajin's Antique Weapon Shoppe.
 12297 | D:10     | Reached skill level 10 in Fighting
 12614 | D:10     | Reached XP level 11. HP: 47/59 MP: 0/15
 12725 | D:10     | Found a portal to a secret trove of treasure.
 12808 | D:11     | XOM: 1-stop teleportation journey
 12981 | D:11     | Noticed Urug
 13010 | D:11     | XOM: noise
 13027 | D:11     | Noticed a boulder beetle
 13033 | D:11     | XOM: silly message
 13033 | D:11     | Demolished by a boulder beetle
 13034 | D:11     | Reached XP level 10. HP: -21/56 MP: 14/14
 13220 | D:11     | Found Celumed's Armour Shop.
 13232 | D:11     | Found a gate leading to a gauntlet.
 13241 | Gauntlet | XOM: stealth player
 13241 | Gauntlet | Entered a Gauntlet
 13241 | Gauntlet | Found a transporter.
 13258 | Gauntlet | Noticed a catoblepas
 13261 | Gauntlet | Noticed a gargoyle
 13309 | Gauntlet | Noticed an ice statue
 13318 | Gauntlet | Found a transporter.
 13320 | Gauntlet | Found a transporter.
 13321 | Gauntlet | Found a transporter.
 13322 | Gauntlet | Noticed a worldbinder
 13324 | Gauntlet | Noticed a great orb of eyes
 13324 | Gauntlet | Noticed a blizzard demon
 13327 | Gauntlet | Found a transporter.
 13336 | Gauntlet | XOM: butterfly on damage
 13336 | Gauntlet | Noticed a brown ugly thing
 13339 | Gauntlet | Killed a gargoyle
 13411 | Gauntlet | Found a transporter.
 13417 | Gauntlet | Found a transporter.
 13464 | Gauntlet | Found a transporter.
 13470 | Gauntlet | Reached skill level 5 in Dodging
 13572 | Gauntlet | XOM: swap monsters
 13592 | Gauntlet | XOM: swap monsters
 13602 | Gauntlet | Found a transporter.
 13619 | Gauntlet | Noticed a fire crab
 13631 | Gauntlet | XOM: fake destruction
 13690 | Gauntlet | Found a transporter.
 13730 | Gauntlet | XOM: noise
 13734 | Gauntlet | XOM: divination: detect creatures
 13752 | Gauntlet | Killed a fire crab
 13848 | Gauntlet | Found a transporter.
 13852 | Gauntlet | Found a transporter.
 13862 | Gauntlet | Noticed a minotaur
 13865 | Gauntlet | XOM: summons friendly ufetubus
 13865 | Gauntlet | XOM: butterfly on damage
 13873 | Gauntlet | Hit by a javelin thrown by a minotaur
 13874 | Gauntlet | Reached XP level 9. HP: -9/51 MP: 9/13
 13882 | Gauntlet | XOM: cast spell 'Summon Mana Viper'
 13890 | Gauntlet | XOM: smoke on damage
 13931 | D:11     | XOM: noise
 14007 | D:11     | Noticed a bunyip
 14007 | D:11     | a boulder beetle changed into a bunyip
 14007 | D:11     | XOM: polymorph boulder beetle -> bunyip
 14182 | D:11     | XOM: scenery: 1 doors open
 14306 | D:11     | Noticed a kobold demonologist
 14306 | D:11     | Noticed a manticore
 14350 | D:11     | XOM: butterfly on damage
 14356 | D:11     | Killed Urug
 14357 | D:11     | Reached XP level 10. HP: 16/56 MP: 10/14
 14407 | D:11     | XOM: silly message
 14514 | D:9      | XOM: summons 1 hostile demon
 14564 | Lair:1   | Entered Level 1 of the Lair of Beasts
 14837 | Lair:1   | Noticed a cane toad
 14838 | Lair:1   | XOM: potion effect (invisibility)
 14882 | Lair:1   | Killed a cane toad
 14883 | Lair:1   | Reached skill level 10 in Dodging
 14950 | Lair:1   | XOM: silly message
 15340 | Lair:1   | Noticed a cane toad
 15342 | Lair:1   | a cane toad changed into an eye of draining
 15342 | Lair:1   | XOM: polymorph cane toad -> eye of draining
 15390 | Lair:1   | XOM: draining
 15636 | Lair:2   | Noticed a cane toad
 15646 | Lair:2   | XOM: chaos cloud
 15651 | Lair:2   | XOM: give mutations
 15651 | Lair:2   | Lost mutation: You are partially covered in yellow scales.
                  | (AC +2) [Xom's mischief]
 15651 | Lair:2   | Lost mutation: You are somewhat resistant to further
                  | mutation. [Xom's mischief]
 15651 | Lair:2   | Lost mutation: You are robust. (+10% HP) [Xom's mischief]
 15698 | Lair:2   | XOM: give mutations
 15698 | Lair:2   | Gained mutation: Your body sometimes deteriorates upon
                  | taking damage. [Xom's mischief]
 15698 | Lair:2   | Lost mutation: Your body sometimes deteriorates upon taking
                  | damage. [Xom's mischief]
 15784 | Lair:2   | Killed a cane toad
 15869 | Lair:2   | Noticed a cane toad
 15870 | Lair:2   | XOM: 1-stop teleportation journey
 15874 | Lair:2   | Noticed a five-headed hydra
 15876 | Lair:2   | XOM: repel stairs
 15877 | Lair:2   | XOM: summons 3 hostile shadow creatures
 15877 | Lair:2   | XOM: butterfly on damage
 15879 | Lair:2   | Killed a cane toad
 16077 | Lair:2   | Noticed a cane toad
 16081 | Lair:2   | XOM: summons friendly iron imp
 16095 | Lair:2   | Killed a five-headed hydra
 16176 | Lair:2   | XOM: give mutations
 16176 | Lair:2   | Lost mutation: You possess an exceptional clarity of mind.
                  | [Xom's mischief]
 16176 | Lair:2   | Lost mutation: You are very agile. (Dex +4) [Xom's
                  | mischief]
 16288 | Lair:2   | Found a runed translucent door.
 16288 | Lair:2   | Noticed Kotami's ghost (journeyman OpFi)
 16443 | Lair:2   | Found a hole to the Spider Nest.
 16447 | Lair:2   | XOM: summons friendly shadow imp
 16447 | Lair:2   | Noticed a wolf spider
 16448 | Lair:2   | Noticed a wolf spider
 16452 | Lair:2   | Killed a wolf spider
 16453 | Lair:2   | Reached skill level 5 in Spellcasting
 16454 | Lair:2   | Reached XP level 11. HP: 29/55 MP: 2/19
 16457 | Lair:2   | Slain by a wolf spider

Illustrated notes

Levels and vault maps discovered:
D:1:      dpeg_arrival_boxes_within_box, layout_basic
D:2:      layout_basic, grunt_dithmenos_smoke, minmay_pentomino_pile
D:3:      layout_rooms, uniq_grinder
D:4:      layout_loops_ring, regret_index_temple_of_mockery,
          gammafunk_temple_overflow_statue, serial_shops, shop,
          nicolae_ossuary_entry_monument, serial_bayou_ford_a
D:5:      layout_basic, nicolae_gozag_cash_rules_everything_around_me,
          kennysheep_mini_moat, old_standard_altar, serial_corexii_hall,
          corexii_hall_statues_t, corexii_hall_statues_l,
          hellmonk_ghost_happy_afterlife
D:6:      layout_cave_pods, minmay_misc_feat_roman
D:7:      layout_loops_cross, grunt_temple_overflow_diamond, lemuel_round_altar,
          minmay_temple_entry_proselytizer, basic_altar, the_bakery, uniq_pikel,
          uniq_harold
D:8:      lemuel_ice_statue, layout_basic, minmay_lair_entry_grove
D:9:      layout_rooms, nemelex_xobeh_ov_fountains_minmay, st_stairs_12,
          minmay_misc_feat_room, guppyfry_early_elven_hall
D:10:     layout_basic, nicolae_trove_entry_path_of_doom, serial_shops,
          nicolae_shop_behind_doors, hex_intersection
D:11:     layout_stronghold, orc_david_3, gauntlet_entry_generic, uniq_urug
Temple:   nicolae_temple_figure_zero
Lair:1:   layout_loops_ring
Lair:2:   layout_regular_city, spider_nest_entry_funnel_web,
          ebering_ghost_inner_flame, grunt_megastairs_4

Skill      XL: |  1  2  3  4  5  6  7  8  9 10 |
---------------+-------------------------------+-----
Ice Magic      | 4 5 6 8 9 |  9.5
Fighting       | 2 4 5 10 | 10.3
Conjurations   | 2 5 7 8 |  8.9
Dodging        | 9 10 | 10.7
Spellcasting   | 5 |  5.2
Stealth        | |  2.6

Action                   |  1- 3 |  4- 6 |  7- 9 | 10-12 || total
-------------------------+-------+-------+-------+-------++-------
Melee: Unarmed           |    18 |    12 |   137 |   215 ||   382
       Bite              |     2 |       |    19 |    35 ||    56
 Cast: Freeze            |    39 |    70 |    99 |    38 ||   246
       Frozen Ramparts   |       |     9 |    38 |    46 ||    93
       Hailstorm         |       |       |    10 |    67 ||    77
       Ozocubu's Armour  |       |       |     4 |    18 ||    22
Evoke: Condenser vane    |       |       |       |     1 ||     1
  Use: Scroll            |       |     5 |     5 |    10 ||    20
       Potion            |       |     1 |     2 |     5 ||     8
 Stab: Sleeping          |     5 |     4 |     7 |     7 ||    23
       Paralysed         |       |       |     2 |     7 ||     9
       Confused          |       |       |       |     3 ||     3
       Invisible         |       |       |       |     2 ||     2
Armor: Skin              |     7 |     3 |    27 |    41 ||    78
Dodge: Dodged            |    23 |    50 |   222 |   319 ||   614
Block: Other             |       |       |    27 |    52 ||    79
